 Dungeon Crawl Stone Soup version 0.17-a0-2093-gc772f4b (webtiles) character file.

9845 Morbidden the Cleaver (level 11, -1/56 HPs)
             Began as a Vine Stalker Berserker on Oct 14, 2015.
             Was an Elder of Trog.
             Slain by an ice beast (5 damage)
             ... on level 10 of the Dungeon on Oct 15, 2015.
             The game lasted 00:46:58 (7879 turns).

Morbidden the Cleaver (Vine Stalker Berserker)      Turns: 7879, Time: 00:46:59

Health: -1/56      AC: 21    Str: 23    XL:     11   Next: 52%
Magic:  0/12       EV: 10    Int:  7    God:    Trog [****..]
Gold:   580        SH:  0    Dex: 20    Spells: 0 memorised, 10 levels left

rFire  . . .     SeeInvis +     B - +0 battleaxe
rCold  . . .     Clarity  .     q - +3 plate armour
rNeg   . . .     SustAt   .     (no shield)
rPois  .         Gourm    .     u - +0 helmet
rElec  .         Spirit   +     I - +0 cloak
rCorr  .         Warding  .     e - +1 pair of gloves
rMut   .         Stasis   .     (no boots)
MR     +++..                    b - amulet of guardian spirit
Stlth  ..........               z - +6 ring of dexterity
                                o - ring of see invisible

@: lethally poisoned (-1 -> -1), exhausted, regenerating, slowed, very slow,
extremely resistant to hostile enchantments, extremely unstealthy
A: fangs 3, regeneration 2, magic shield, antimagic bite, no device heal 3, rot
immunity
a: Burn Spellbooks, Berserk, Trog's Hand, Brothers in Arms, Renounce Religion


You were on level 10 of the Dungeon.
You worshipped Trog.
Trog was greatly pleased with you.
You were hungry.

You visited 1 branch of the dungeon, and saw 10 of its levels.
You also visited: Sewer.

You collected 580 gold pieces.

Inventory:

Hand Weapons
 B - a +0 battleaxe (weapon)
Armour
 e - a +1 pair of gloves (worn)
 q - a +3 plate armour (worn)
 u - a +0 helmet (worn)
 I - a +0 cloak (worn)
Jewellery
 a - a +2 ring of strength {unknown}
 b - an amulet of guardian spirit (around neck)
 o - a ring of see invisible (left hand)
 x - an uncursed amulet of stasis {unknown}
 z - a +6 ring of dexterity (right hand)
 F - an uncursed ring of invisibility
Wands
 h - a wand of disintegration (13)
 m - a wand of enslavement (9)
 t - a wand of fireball (14)
 v - a wand of fireball (6)
 y - a wand of slowing (22)
 G - a wand of fire (6)
Scrolls
 j - 3 scrolls of teleportation
 n - 6 scrolls of identify
 p - a scroll of enchant armour
 s - a scroll of remove curse
 H - 2 scrolls of magic mapping
Potions
 d - 7 potions of curing
 i - 3 potions of ambrosia {unknown}
 k - 7 potions of flight
 l - 6 potions of brilliance
 w - 2 potions of lignification {unknown}
 A - 3 potions of berserk rage {unknown}
 C - 2 potions of beneficial mutation {unknown}
 D - a potion of cure mutation {unknown}
 E - a potion of mutation {unknown}
Comestibles
 c - 2 bread rations
 f - 5 fruits
 g - 2 beef jerkies
 r - 4 meat rations
 J - 3 chunks of flesh


   Skills:
 + Level 6.0 Fighting
 * Level 12.2 Axes
 + Level 7.3 Armour
 + Level 5.1 Dodging
 - Level 0.3 Stealth


You had 10 spell levels left.
You didn't know any spells.

Dungeon Overview and Level Annotations

Branches:
Dungeon (10/15)            Temple (0/1) D:4            Lair (0/8) D:8
    Orc: D:9-12

Altars:
Dithmenos
Makhleb
Nemelex Xobeh
Okawaru
Vehumet
Yredelemnul
Zin

Shops:
D:5 }   D:6 :

Annotations:
D:3 1 exclusion
D:8 1 runed door
D:9 1 exclusion


Innate Abilities, Weirdness & Mutations

You have razor-sharp teeth.
You heal very quickly.
When hurt, damage is shared between your health and your magic reserves.
Your bite disrupts and absorbs the magic of your enemies.
Potions and wands cannot restore your health.
You are immune to rotting.


Message History

an enchanted spear; a robe You feel sick.
The ice beast hits you but does no damage.
Unknown command.
Use which ability?
Your skin crawls.
You feel resistant to hostile enchantments.
You feel slightly more hungry.
You feel sick. The ice beast barely misses you.
You closely miss the ice beast. You bite the ice beast! You drain its power.
The ice beast is heavily wounded.
You feel sick.
The ice beast hits you but does no damage.
The ice beast hits you.
* * * LOW HITPOINT WARNING * * *
The ice beast freezes you!
* * * LOW HITPOINT WARNING * * *
You feel the effects of Trog's Hand fading.
You feel sick.
You feel sick. The ice beast hits you. The ice beast freezes you!
You die...

##..........#....# #≈≈≈≈≈≈≈≈
#......#####....# ≈≈..;≈≈≈≈
#......#........########......;≈
#......#........[..............≈
#......#.........).[............
#......#.........).#'##.........
#......#'####......#..'.........
#.(....)....#..Y.###.)#.........
#..............@...)..###.######
#...........≈..≈.≈≈.(...#.#..
#...........≈.≈≈≈≈≈.(...###..
...........#..≈≈≈≈≈≈..........
...........#..≈≈≈≈≈..(>.......
######.....#..≈≈≈≈≈≈.........#
#.....#.≈≈≈≈≈.(())......# #....
#.....≈≈≈.........# #...
..........(.......#


You could see an ice beast.

Vanquished Creatures
  Erolcha (D:9)
  Erica (D:9)
  A hill giant (D:10)
  Pikel (D:8)
  The ghost of P0WERM0DE the Martial Artist, a novice OpMo of Xom (D:6)
  Psyche (D:8)
  A troll (D:10)
  2 polar bears (D:10)
  Sigmund (D:5)
  A yak (D:10)
  The ghost of P0WERM0DE the Ruffian, an amateur MiMo (D:4)
  A deep elf mage (D:10)
  Grum (D:10)
  A mottled dragon (D:10)
  A hungry ghost (D:8)
  A soldier ant (D:8)
  2 wargs (D:8)
  2 hippogriffs (D:8)
  5 wolves (D:10)
  3 ice beasts
  3 ogres
  2 black bears
  3 sky beasts
  2 centaurs
  4 orc warriors
  The ghost of Clownie the Chiller, an amateur DrIE (D:3)
  A phantom (D:4)
  A gnoll sergeant (D:7)
  4 giant frogs
  A wyvern zombie (D:10)
  3 scorpions (D:8)
  9 wights
  A killer bee (D:8)
  An electric eel (D:10)
  2 centaur zombies
  6 crimson imps
  5 orc priests
  A giant frog skeleton (D:8)
  11 orc wizards
  2 hounds
  2 iguanas
  A killer bee zombie (D:6)
  8 worker ants
  A hound zombie (D:4)
  2 worker ant zombies
  Robin (D:4)
  13 adders
  6 gnolls (D:7)
  9 river rats
  A hound simulacrum (D:10)
  4 shadow imps
  2 white imps (D:10)
  2 oozes
  3 adder skeletons
  2 adder zombies
  28 orcs
  10 giant cockroaches
  6 hobgoblins
  13 jackals
  5 quokkas
  5 ball pythons
  4 bats
  2 giant cockroach zombies
  4 giant geckos
  A giant gecko skeleton (D:3)
  9 giant newts
  15 goblins
  2 jackal skeletons
  28 kobolds
  2 quokka skeletons (D:3)
  2 quokka zombies (D:3)
  22 rats
  A butterfly (D:8)
308 creatures vanquished.

Vanquished Creatures (collateral kills)
  An orc (D:6)
1 creature vanquished.

Vanquished Creatures (others)
  An adder (D:8)
  4 kobolds (D:8)
  A butterfly (D:8)
6 creatures vanquished.

Grand Total: 315 creatures vanquished

Notes
Turn   | Place    | Note
--------------------------------------------------------------
     0 | D:1      | Morbidden the Vine Stalker Berserker began the quest for the Orb.
     0 | D:1      | Reached XP level 1. HP: 11/11 MP: 2/2
    65 | D:1      | Reached skill level 3 in Axes
   145 | D:1      | Reached XP level 2. HP: 16/16 MP: 3/3
   546 | D:1      | Reached ** piety under Trog
   675 | D:2      | Reached XP level 3. HP: 13/19 MP: 4/4
   717 | D:2      | Found a glowing silver altar of Zin.
   734 | D:2      | Found a basalt altar of Yredelemnul.
  1110 | D:2      | Reached XP level 4. HP: 19/23 MP: 5/5
  1238 | D:3      | Reached skill level 4 in Axes
  1243 | D:3      | Found an iron altar of Okawaru.
  1378 | D:3      | Noticed Clownie's ghost (amateur DrIE)
  1379 | D:3      | Reached XP level 5. HP: 14/27 MP: 2/6
  1508 | D:3      | Killed Clownie's ghost
  1508 | D:3      | Gained mutation: You heal very quickly. [Vine Stalker growth]
  1508 | D:3      | Reached XP level 6. HP: 32/32 MP: 7/7
  1738 | D:3      | Found a glowing drain.
  1753 | D:3      | Reached *** piety under Trog
  1760 | Sewer    | Entered a sewer
  1885 | Sewer    | Reached skill level 5 in Axes
  2011 | Sewer    | Reached **** piety under Trog
  2763 | D:4      | Reached XP level 7. HP: 35/35 MP: 8/8
  2846 | D:4      | Noticed Robin
  2858 | D:4      | Killed Robin
  3157 | D:4      | Found a staircase to the Ecumenical Temple.
  3224 | D:4      | Noticed P0WERM0DE's ghost (amateur MiMo)
  3238 | D:4      | Killed P0WERM0DE's ghost
  3238 | D:4      | Reached skill level 6 in Axes
  3383 | D:5      | Entered Level 5 of the Dungeon
  3581 | D:5      | Noticed Sigmund
  3593 | D:5      | Killed Sigmund
  3593 | D:5      | Gained mutation: You have razor-sharp teeth. [Vine Stalker growth]
  3593 | D:5      | Reached XP level 8. HP: 39/39 MP: 9/9
  3646 | D:5      | Found Lyamm's Gadget Shoppe.
  3748 | D:5      | Found a radiant altar of Vehumet.
  3749 | D:5      | Found a burning altar of Makhleb.
  4014 | D:6      | Found a sand-covered staircase.
  4023 | D:6      | Noticed P0WERM0DE's ghost (novice OpMo)
  4035 | D:6      | Killed P0WERM0DE's ghost
  4035 | D:6      | Reached skill level 7 in Axes
  4226 | D:6      | Found a shadowy altar of Dithmenos.
  4335 | D:6      | Found Rioppary's Book Shoppe.
  4465 | D:6      | Reached skill level 5 in Armour
  4465 | D:6      | Reached XP level 9. HP: 43/43 MP: 10/10
  4542 | D:6      | Reached skill level 8 in Axes
  4628 | D:6      | Upgraded the game from 0.17-a0-2074-gaf3f87d to 0.17-a0-2093-gc772f4b
  5826 | D:8      | Found a staircase to the Lair.
  5834 | D:8      | Reached skill level 9 in Axes
  5942 | D:8      | Noticed Psyche
  5950 | D:8      | Killed Psyche
  5950 | D:8      | Reached XP level 10. HP: 47/49 MP: 11/11
  6016 | D:8      | Found a runed door.
  6037 | D:8      | Found a runed door.
  6075 | D:8      | Reached ***** piety under Trog
  6075 | D:8      | Reached skill level 10 in Axes
  6185 | D:8      | Found a sparkling altar of Nemelex Xobeh.
  6225 | D:8      | Noticed Pikel
  6231 | D:8      | Killed Pikel
  6231 | D:8      | Reached skill level 5 in Dodging
  6657 | D:9      | Noticed Erica
  6659 | D:9      | Noticed Erolcha
  6675 | D:9      | Killed Erica
  6675 | D:9      | Reached skill level 5 in Fighting
  6695 | D:9      | Killed Erolcha
  6695 | D:9      | Reached skill level 11 in Axes
  6844 | D:9      | Reached XP level 11. HP: 53/56 MP: 12/12
  7390 | D:10     | Entered Level 10 of the Dungeon
  7515 | D:10     | Noticed a hill giant
  7526 | D:10     | Killed a hill giant
  7722 | D:10     | Reached skill level 12 in Axes
  7754 | D:10     | Noticed Grum
  7777 | D:10     | Killed Grum
  7877 | D:10     | HP: 2/56 [ice beast (5)]
  7879 | D:10     | Slain by an ice beast

Vault maps used:
D:1:      scummos_arrival_simple_fountains
D:2:      old_standard_altar, lemuel_doored_altar, first_bread
D:3:      okawaru_trees_2, portal_sewer_entry_c, serial_undead, serial_undead_e,
          serial_undead_a, serial_undead_a, serial_undead_a, serial_undead_c
D:4:      minmay_temple_entry_fiery, uniq_robin
D:5:      grunt_temple_overflow_lords_of_destruction, serial_shops, shop,
          uniq_sigmund
D:6:      grunt_dithmenos_smoke, nicolae_ossuary_entry_ruins, serial_shops,
          nicolae_shop_trees
D:8:      lemuel_insect_pit, nemelex_deck, erik_lair_orcish_takeover,
          uniq_pikel, uniq_psyche
D:9:      uniq_erolcha, uniq_erica
D:10:     serial_ice, serial_ice_f, serial_ice_k, serial_ice_c, serial_ice_e,
          uniq_grum
Sewer:    sewer_minmay_treatment

Action                   |  1- 3 |  4- 6 |  7- 9 | 10-12 || total
-------------------------+-------+-------+-------+-------++-------
Melee: Hand axe          |   104 |   202 |   340 |       ||   646
       Battleaxe         |       |       |     3 |   286 ||   289
Invok: Berserk           |     2 |     7 |     7 |     4 ||    20
       Trog's Hand       |       |     4 |     9 |     8 ||    21
       Brothers in Arms  |       |       |     1 |       ||     1
  Use: Potion            |       |     5 |       |       ||     5
       Scroll            |       |    10 |     9 |       ||    19
 Stab: Sleeping          |     1 |       |       |       ||     1
       Distracted        |       |       |       |     1 ||     1
  Eat: Chunk             |     3 |     8 |    13 |    10 ||    34
       Fruit             |       |     3 |     1 |       ||     4
       Pizza             |       |     1 |       |     1 ||     2
       Bread ration      |       |       |     1 |       ||     1
       Beef jerky        |       |       |     1 |       ||     1
